 Dungeon Crawl Stone Soup version 0.30-a0-358-g0d69a1922f (webtiles) character file.

Game seed: 12623633557231597406

718 koil the Chopper (level 7, 0/66 (88) HPs)
             Began as a Hill Orc Reaver on Nov 9, 2022.
             Slain by a kobold
             ... wielding a +2 whip of pain
              (4 damage)
             ... while paralysed by a kobold
             ... on level 5 of the Dungeon.
             The game lasted 00:19:13 (4873 turns).

koil the Chopper (Hill Orc Reaver)                  Turns: 4873, Time: 00:19:13

HP:   0/66 (88)     AC:  8    Str: 23    XL:     7   Next: 70%
MP:   9/11          EV:  2    Int: 13    God:
Gold: 475           SH:  0    Dex:  9    Spells: 8/11 levels left

rFire   . . .      SeeInvis .    a - +1 hand axe
rCold   . . .      Faith    .    (no shield)
rNeg    . . .      Spirit   .    b - +0 leather armour
rPois   .          Reflect  .    e - +1 helmet
rElec   .          Harm     .    (no cloak)
rCorr   .          Rampage  .    (no gloves)
Will    .....                    z - +2 pair of boots
Stlth   ..........               v - amulet of regeneration
HPRegen 1.11/turn                g - +6 ring of strength
MPRegen 0.12/turn                (no ring)

@: paralysed, berserking, immotile, very heavily drained
A: no striking features
a: no special abilities


You were on level 5 of the Dungeon.
You visited 1 branch of the dungeon, and saw 5 of its levels.
You also visited: Ossuary.

You collected 475 gold pieces.

Inventory:

Hand Weapons
 a - a +1 hand axe (weapon)
 r - a +1 vampiric whip
Missiles
 q - 4 poisoned darts
Armour
 b - a +0 leather armour (worn)
 c - a +0 scale mail
 e - a +1 helmet (worn)
 l - a +1 kite shield of poison resistance
 z - a +2 pair of boots (worn)
Magical Staves
 n - a staff of conjuration
 p - a staff of death
Jewellery
 g - a +6 ring of strength (left hand)
 v - an amulet of regeneration (around neck)
 y - a ring of fire
Wands
 t - a wand of flame (16)
 w - a wand of iceblast (6)
Scrolls
 f - 4 scrolls of identify
 h - a scroll of fear
 i - a scroll of enchant weapon
 j - a scroll of teleportation
 k - a scroll of butterflies
Potions
 d - a potion of might {unknown}
 o - 2 potions of flight
 s - a potion of berserk rage
 A - a potion of attraction
 C - a potion of invisibility


   Skills:
 + Level 4.3 Fighting
 + Level 5.6 Axes
 + Level 3.1 Armour
 + Level 3.0 Dodging
 + Level 2.8 Spellcasting
 + Level 4.2 Conjurations
 + Level 2.2 Translocations


You had 8 spell levels left.
You knew the following spells:

 Your Spells              Type           Power      Damage    Failure   Level
a - Kiss of Death         Conj/Necr      28%        2d7       11%         1
b - Momentum Strike       Conj/Tloc      20%        3d8       11%         2

Your spell library contained the following spells:

 Spells                   Type           Power      Damage    Failure   Level
 Hailstorm                Conj/Ice       7%         3d4       32%         3
 Sublimation of Blood     Necr           1%         N/A       38%         2
 Petrify                  Tmut/Erth      1%         N/A       95%         4
 Irradiate                Conj/Tmut      3%         3d12      97%         5


Dungeon Overview and Level Annotations

Branches:
Dungeon (5/15)            Ossuary (visited)
 Temple: D:4-7

Altars:
Gozag
Makhleb
Zin

Shops:
D:2 *   D:3 (   D:4 (   D:5 *

Annotations:
D:5 kd29's ghost, amateur DsMo


Message History

The kobold brigand hits you but does no damage.
The kobold hits you but does no damage.
You closely miss the kobold brigand. You hit the kobold but do no damage.
You hit the kobold.
You kill the kobold!
You feel sick.
The kobold brigand hits you but does no damage.
The kobold hits you but does no damage. Space warps around you.
Casting: Momentum Strike (safe; 11% risk of failure)
Confirm with . or Enter, or press ? or * to list all spells.
Aiming: Momentum Strike (safe; 11% risk of failure)
Press: ? - help, Dir - move target, f/p - kobold brigand
Aim: a kobold brigand, wielding a +0 whip of chaos and quivering poisoned darts (60% to hit)
The concentrated momentum hits the kobold brigand.
You are unable to move.
You feel sick.
Kd29's ghost hits you but does no damage.
The kobold brigand hits you with a +0 whip of chaos.
The kobold hits you with a +2 dagger of distortion.
* * * LOW HITPOINT WARNING * * *
You blink.
Unknown command.
You cannot move.
Unknown command.
A red film seems to cover your vision as you go berserk!
You feel yourself moving faster!
You feel mighty!
You feel sick.
The kobold zaps a wand.
You suddenly lose the ability to move!
Kd29's ghost wails, "They lied to you.
The Dungeon just goes down and down forever."
Kd29's ghost hits you.
* * * LOW HITPOINT WARNING * * *
The kobold hits you with a +2 dagger of distortion.
* * * LOW HITPOINT WARNING * * *
Space warps around you.
* * * LOW HITPOINT WARNING * * *
You feel sick.
You are no longer poisoned.
Kd29's ghost hits you but does no damage.
The kobold hits you but does no damage. Kd29's ghost hits you!
* * * LOW HITPOINT WARNING * * *
The kobold hits you with a +2 whip of pain.
You die...

...##.....................#......
.#...#.#......##..........#......
###.##.#......###.........#......
#..........##............#.....
##.............##........#.##.#
##.............##.............
###.).........###............
##..##..##K##.#............
#........@K...............
#......#.KW...............
#......##K#...............
####....###K#...............
##........##................#
##.............#.............#
##............###.......#.#...#
#......................#####.##
##....[..............#...###....


You could see a kobold brigand, kd29's ghost and 4 kobolds.

Vanquished Creatures
  Menkaure (D:5)
  A black bear (D:5)
  An ogre (D:5)
  A necrophage (D:4)
  A scorpion (D:5)
  A gnoll sergeant (D:4)
  3 hounds (D:4)
  An orc priest (D:2)
  An iguana (D:5)
  A hound skeleton (D:4)
  8 mummies (Ossuary)
  6 adders
  7 gnolls
  2 dart slugs
  15 orcs
  6 endoplasms
  3 giant cockroaches
  2 goblins
  4 hobgoblins
  4 jackals (D:2)
  8 kobolds
  2 quokkas
  5 ball pythons
  4 bats
  3 frilled lizards
  3 gnoll zombies (Ossuary)
  A hobgoblin zombie (Ossuary)
  2 kobold zombies (Ossuary)
  2 orc zombies (Ossuary)
  4 rats
  A fungus (D:5)
  14 plants
118 creatures vanquished.

Notes
Turn   | Place    | Note
-------+----------+-------------------------------------------
     0 | D:1      | koil the Hill Orc Reaver began the quest for the Orb.
     0 | D:1      | Reached XP level 1. HP: 18/18 MP: 3/3
   263 | D:1      | Reached XP level 2. HP: 22/25 MP: 4/4
   266 | D:1      | Learned a level 2 spell: Momentum Strike
  1281 | D:2      | Reached skill level 1 in Armour
  1281 | D:2      | Reached XP level 3. HP: 29/30 MP: 5/5
  1394 | D:2      | Found Yrghuun's Assorted Antiques.
  1680 | D:2      | Found a faded altar of an unknown god.
  1696 | D:2      | Reached XP level 4. HP: 10/37 MP: 1/6
  2446 | D:3      | Found Binego's Antique Weapon Emporium.
  2512 | D:3      | Found an opulent altar of Gozag.
  2512 | D:3      | Found a glowing silver altar of Zin.
  2925 | D:4      | Reached skill level 1 in Translocations
  2977 | D:4      | Reached XP level 5. HP: 28/45 MP: 8/8
  3098 | D:4      | Found Juoraw's Weapon Boutique.
  3360 | D:4      | Found a burning altar of Makhleb.
  3544 | D:5      | Entered Level 5 of the Dungeon
  3548 | D:5      | Found a sand-covered staircase.
  3579 | Ossuary  | Entered an ossuary
  3701 | Ossuary  | Reached XP level 6. HP: 43/51 MP: 9/9
  3729 | Ossuary  | HP: 10/51 [mummy (13)]
  3744 | Ossuary  | Reached skill level 5 in Axes
  4052 | D:5      | Reached XP level 7. HP: 52/53 MP: 10/10
  4062 | D:5      | Found Fazxyryn's General Store.
  4120 | D:5      | Noticed Menkaure
  4133 | D:5      | HP: 4/58 [Menkaure (18)]
  4133 | D:5      | HP: 1/58 [gnoll/+0 halberd (3)]
  4136 | D:5      | Killed Menkaure
  4139 | D:5      | HP: 17/88 [gnoll/+0 halberd (2)]
  4747 | D:5      | Found a runed translucent gate.
  4747 | D:5      | Found a runed translucent gate.
  4747 | D:5      | Found a runed translucent gate.
  4749 | D:5      | Noticed kd29's ghost (amateur DsMo)
  4871 | D:5      | Paralysed by a kobold for 5 turns
  4871 | D:5      | HP: 13/66 [kobold/+2 dagger of distortion (1)]
  4873 | D:5      | HP: 4/66 [kd29's ghost (10)]
  4873 | D:5      | Slain by a kobold

Illustrated notes

Levels and vault maps discovered:
D:1:      kennysheep_arrival_seaside, layout_basic
D:2:      layout_loops_ring, serial_shops, shop_coins,
          hellmonk_ecumenical_altar_run_dry, serial_forest,
          infiniplex_forest_clump_C, infiniplex_forest_clump_long,
          infiniplex_forest_clump_double, infiniplex_forest_join,
          infiniplex_forest_corner_1, infiniplex_forest_corner_2,
          infiniplex_forest_end_2, grunt_ministairs_9, kennysheep_generic_room_9
D:3:      layout_loops_cross, grunt_temple_overflow_gold_and_silver,
          serial_shops, shop
D:4:      layout_rooms, makhleb_blood_cavern_becter, serial_shops,
          nicolae_shop_bloodbath_and_beyond
D:5:      layout_cave_pools, nicolae_ossuary_entry_monument, serial_shops, shop,
          gammafunk_ghost_nasty_kobolds, uniq_menkaure

Skill      XL: |  1  2  3  4  5  6  7 |
---------------+----------------------+-----
Armour         | 1 2 3 |  3.1
Dodging        | 2 3 |  3.0
Fighting       | 3 4 |  4.3
Spellcasting   | 2 |  2.8
Translocations | 1 2 |  2.2
Axes           | 5 |  5.6
Conjurations   | 4 |  4.2

Action                   |  1- 3 |  4- 6 |  7- 9 || total
-------------------------+-------+-------+-------++-------
Melee: Hand axe          |    98 |   259 |    65 ||   422
       Punch             |     1 |     1 |     1 ||     3
 Cast: Momentum Strike   |     1 |     4 |     9 ||    14
       Kiss of Death     |       |     1 |     2 ||     3
  Use: Potion            |       |     7 |     3 ||    10
       Scroll            |       |    14 |     1 ||    15
Armor: Leather armour    |    33 |   114 |    47 ||   194
Dodge: Dodged            |    57 |   199 |    76 ||   332

Table legend: (Time is in decaauts)
 A = Elapsed time spent in this place.
 B = Non-inter-level travel time spent in this place.
 C = Inter-level travel time spent in this place.
 D = Time resting spent in this place.
 E = Time spent auto-exploring this place.
 F = Levels seen in this place.
 G = Mean time per level.
                   A        B        C        D        E       F      G
               +--------+--------+--------+--------+--------+-----+--------+
         Total |   4900 |   4692 |    208 |     55 |   3553 |   6 |  816.7 |
       Dungeon |   4592 |   4384 |    208 |     52 |   3472 |   5 |  918.4 |
       Ossuary |    307 |    307 |      0 |      3 |     81 |   1 |  307.0 |
               +--------+--------+--------+--------+--------+-----+--------+

Top non-repeatable levels by time:
     D:1: 1172 daAuts
     D:2: 995 daAuts
     D:4: 875 daAuts
     D:5: 811 daAuts
     D:3: 737 daAuts
 Ossuary: 307 daAuts
